 Dungeon Crawl Stone Soup version 0.16-a0-3354-g045d5c7 (webtiles) character file.

41464 Kemay the Martial Artist (level 14, -5/97 HPs)
             Began as an Octopode Monk on Dec 28, 2014.
             Was an Elder of Sif Muna.
             Succumbed to a red wasp's poison
             ... on level 13 of the Dungeon on Dec 29, 2014.
             The game lasted 02:27:46 (27876 turns).

Kemay the Martial Artist (Octopode Monk)           Turns: 27876, Time: 02:27:46

Health: -5/97      AC:  1    Str: 16    XL:     14   Next: 15%
Magic:  1/24       EV: 22    Int: 16    God:    Sif Muna [****..]
Gold:   842        SH:  7    Dex: 16    Spells: 5 memorised, 3 levels left

rFire  + . .     SeeInvis .       - Unarmed
rCold  + + .     Clarity  +     w - +1 buckler
rNeg   + . .     SustAb   .     (helmet restricted)
rPois  .         Gourm    .     p - amulet of guardian spirit
rElec  .         Spirit   +     y - ring of protection from cold
rCorr  .         Warding  .     L - +1 ring of strength (curse)
rMut   .         Stasis   .     Q - ring of protection from fire
MR     +....                    d - ring of protection from cold
Stlth  ++++......               Y - ring of positive energy
                                S - +3 ring of strength
                                (no ring)
                                (no ring)

@: lethally poisoned, confusing touch (expiring), very slightly contaminated,
slowed, very slow, somewhat resistant to hostile enchantments, stealthy
A: almost no armour, amphibious, 8 rings, constrict 8, fangs 1, camouflage 1,
agile 1, clarity, gelatinous body 1
a: Channel Energy, Forget Spell, Renounce Religion


You were on level 13 of the Dungeon.
You worshipped Sif Muna.
Sif Muna was greatly pleased with you.
You were not hungry.

You visited 4 branches of the dungeon, and saw 22 of its levels.
You also visited: Sewer and Ice Cave.

You collected 1162 gold pieces.
You spent 320 gold pieces at shops.

Inventory:

Missiles
 b - 6 needles of paralysis
Armour
 w - a +1 buckler (worn)
Magical staves
 M - an uncursed staff of energy
Rods
 u - a +5 rod of ignition (9/9)
   (You found it in an ice cave)
 T - a +0 rod of the swarm (14/14)
   (You took it off a big kobold on level 12 of the Dungeon)
 X - a +0 rod of the swarm (12/12)
   (You found it on level 2 of the Lair of Beasts)
Jewellery
 a - an uncursed amulet of regeneration
 d - a ring of protection from cold (on tentacle)
 k - an uncursed ring of ice
 p - an amulet of guardian spirit (around mantle)
 v - an uncursed amulet of stasis
 y - a ring of protection from cold (left tentacle)
 C - an uncursed amulet of resist corrosion
 G - an uncursed ring of ice
 L - a cursed +1 ring of strength (right tentacle)
 Q - a ring of protection from fire (on tentacle)
 S - a +3 ring of strength (on tentacle)
 Y - a ring of positive energy (on tentacle)
Magical devices
 n - a wand of fire (9)
 o - a wand of digging (9)
 q - a wand of frost (27)
 s - a wand of disintegration (11)
 x - a wand of disintegration (10)
 A - a wand of lightning (2)
 H - a wand of fire (5)
 I - a wand of draining (9)
 K - a wand of confusion (13)
 N - a wand of fire (6)
 W - a wand of digging (7)
Scrolls
 j - 2 scrolls of fog
 m - 4 scrolls of teleportation
 E - 3 scrolls of magic mapping
 P - 3 scrolls of identify
 R - 3 scrolls of remove curse
Potions
 c - 2 potions of resistance
 e - 5 potions of curing
 f - 6 potions of brilliance
 h - 2 potions of cure mutation
 i - 3 potions of haste
 l - a potion of heal wounds
 B - 3 potions of flight
 D - a potion of agility
 J - 5 potions of restore abilities
 O - 2 potions of cancellation
 U - a potion of berserk rage
Comestibles
 g - 10 meat rations
 r - 6 chunks of flesh
 t - 11 bread rations
 z - 11 royal jellies
 F - 7 beef jerkies
 V - 7 fruits


   Skills:
 + Level 9.2 Fighting
 + Level 14.0 Dodging
 - Level 3.0 Stealth
 - Level 6.0 Shields
 + Level 14.7 Unarmed Combat
 - Level 4.0 Spellcasting
 - Level 7.3 Hexes


You had 3 spell levels left.
You knew the following spells:

 Your Spells              Type           Power        Failure   Level  Hunger
a - Confusing Touch       Hex            ####..       1%          2    ##.....
b - Petrify               Trmt/Erth      #.......     98%         4    ####...
c - Metabolic Englaciati  Hex/Ice        ##........   91%         5    ######.
d - Lee's Rapid Deconstr  Erth           #.........   100%        5    ######.
e - Repel Missiles        Chrm/Air       #.....       24%         2    ##.....


Dungeon Overview and Level Annotations

Branches:
Dungeon (13/15)            Temple (1/1) D:4            Lair (7/8) D:8
  Swamp (0/5) Lair:3        Snake (0/5) Lair:5          Orc (1/4) D:10
  Slime: Lair:6-8    Vaults: D:13-14

Altars:
Ashenzari
Cheibriados
Dithmenos
Elyvilon
Fedhas
Gozag
Kikubaaqudgha
Makhleb
Nemelex Xobeh
Okawaru
Qazlal
Ru
Sif Muna
Trog
Vehumet
Xom
Yredelemnul
Zin
The Shining One

Shops:
D:4 !   D:11 :*?

Annotations:
D:13 exclusion: tengu warrior


Innate Abilities, Weirdness & Mutations

You cannot wear most types of armour.
You are amphibious.
You can wear up to eight rings at the same time.
You can use your tentacles to constrict many enemies at once.
Your skin changes colour to match your surroundings (Stealth).
Your rubbery body absorbs attacks (AC +1).
You have very sharp teeth.
You are agile. (Dex +2)
You possess an exceptional clarity of mind.


Message History

You feel very sick. The red wasp stings you!
You are more poisoned.
You shrug off the repeated paralysis!
The red wasp stings you!
* * * LOW HITPOINT WARNING * * *
You are more poisoned.
You shrug off the repeated paralysis!
* * * LOW HITPOINT WARNING * * *
You feel very sick. The red wasp stings you!
* * * LOW HITPOINT WARNING * * *
You are more poisoned.
You shrug off the repeated paralysis!
You can move again.
Read which item? (? for menu, Esc to quit)
Blink to where?
Press: ? - help, Dir - move target cursor
As you read the scroll of blinking, it crumbles to dust.
You are very lightly contaminated with residual magic.
You die...

.###
##.......#......###.##.#....
...####.......#...##.#
#.##...##.
#....##.......#.#.
#.###......##.
##.........#..# .
..............
###......##..##
####......###.
#####....####..# ###....# #.
........## #..## ##...# #.
........# ##...## ##... ..
.......## #....@### #.s# ..
........# #.......##### ##.#
.# ..(.....# #...........###
#.. . ........##
#...##.###..ยง.# #.#
...............##.#
#.##y.!#[!
......#.....#.....# #.# .#$#
......### ...#.... ... .. #
......# ........... ###
##....# .##.....###


There were no monsters in sight!

Vanquished Creatures
  A hydra (Lair:6)
  Erica (D:11)
  A centaur warrior (D:13)
  Nergalle (D:11)
  The ghost of Kemay the Martial Artist, an experienced OpTm of Sif Muna (D:7)
  4 hill giants
  An ice statue (Lair:2)
  A griffon (Lair:5)
  A cyclops (D:11)
  A wolf spider (D:13)
  5 black mambas
  8 elephants
  A gargoyle (D:10)
  7 spiny frogs
  3 kobold demonologists (D:12)
  3 komodo dragons
  A fire drake (Lair:6)
  A queen bee (Lair:6)
  A freezing wraith (Lair:2)
  2 polar bears
  2 two-headed ogres
  2 ravens (D:13)
  3 slime creatures (D:12)
  3 basilisks
  10 blink frogs
  A deep elf mage (D:13)
  2 water elementals (D:12)
  17 yaks
  A shadow (D:11)
  3 trapdoor spiders (D:12)
  2 spriggans
  A wyvern (Lair:5)
  A wraith (D:12)
  3 vampire mosquitoes
  A steam dragon (D:6)
  5 hungry ghosts
  3 hippogriffs
  9 wolves
  10 water moccasins
  3 nagas
  9 porcupines
  3 orc warriors
  A sky beast (D:12)
  17 ice beasts
  An eye of draining (D:12)
  3 ogres
  2 phantoms
  A boggart (D:13)
  4 centaurs
  3 big kobolds (D:12)
  21 giant frogs
  14 crocodiles
  Blork the orc (D:5)
  43 killer bees
  7 scorpions
  A giant frog zombie (D:10)
  5 orc priests
  8 wights
  6 crimson imps
  A gnoll shaman (D:10)
  17 jellies
  15 hounds
  2 centaur skeletons
  11 iguanas
  9 orc wizards
  13 worker ants
  A killer bee zombie (D:8)
  Ijyb (D:6)
  A hound zombie (D:10)
  3 mummies
  A hound skeleton (D:11)
  2 worker ant zombies
  Robin (D:2)
  25 adders
  11 gnolls
  2 shadow imps
  31 river rats
  3 giant mites
  2 white imps (Lair:2)
  2 worms (D:3)
  3 adder skeletons
  6 giant geckos
  An ooze (D:3)
  25 orcs
  10 bats
  A bat skeleton (D:4)
  4 giant cockroaches
  20 goblins
  16 hobgoblins
  A giant gecko zombie (D:5)
  39 giant newts
  15 jackals
  16 kobolds
  16 quokkas
  18 rats
  10 plants
632 creatures vanquished.

Vanquished Creatures (collateral kills)
  A hydra (Lair:6)
  A centaur warrior (D:12)
  2 ice statues (IceCv)
  A porcupine (Lair:6)
  A water moccasin (Lair:6)
  An ice beast (IceCv)
7 creatures vanquished.

Vanquished Creatures (others)
  A spider (Lair:6)
  A yellow wasp (Lair:6)
  A scorpion (IceCv)
  4 killer bees
  3 goliath beetles
  6 worker ants
  A worm (Lair:6)
  2 fungi
19 creatures vanquished.

Grand Total: 658 creatures vanquished

Notes
Turn   | Place    | Note
--------------------------------------------------------------
     0 | D:1      | Kemay, the Octopode Monk, began the quest for the Orb.
     0 | D:1      | Reached XP level 1. HP: 16/16 MP: 1/1
   252 | D:1      | Reached XP level 2. HP: 19/21 MP: 2/2
   920 | D:2      | Reached XP level 3. HP: 13/26 MP: 3/3
  1662 | D:2      | Noticed Robin
  1695 | D:2      | Killed Robin
  1716 | D:2      | Reached XP level 4. HP: 16/31 MP: 4/4
  2274 | D:3      | Noticed a phantom
  2378 | D:3      | Reached skill level 5 in Unarmed Combat
  2384 | D:3      | Reached XP level 5. HP: 3/36 MP: 5/5
  3252 | D:3      | Found a radiant altar of Vehumet.
  3471 | D:3      | Found a glowing golden altar of the Shining One.
  4117 | D:3      | Reached XP level 6. HP: 42/42 MP: 6/6
  4184 | D:4      | Reached skill level 5 in Dodging
  4184 | D:4      | Reached skill level 6 in Unarmed Combat
  4365 | D:4      | Found Seefeir's Distillery.
  4431 | D:4      | Found a staircase to the Ecumenical Temple.
  4444 | Temple   | Entered the Ecumenical Temple
  5075 | D:5      | Entered Level 5 of the Dungeon
  5251 | D:5      | Found a deep blue altar of Sif Muna.
  5301 | D:5      | Reached XP level 7. HP: 46/46 MP: 7/7
  5313 | D:5      | Noticed Blork the orc
  5325 | D:5      | Killed Blork the orc
  5443 | D:5      | Found a glowing drain.
  5452 | Sewer    | Entered a sewer
  5596 | Sewer    | Gained mutation: You are agile. (Dex +2) [potion of beneficial mutation]
  5597 | Sewer    | Gained mutation: You possess an exceptional clarity of mind. [potion of beneficial mutation]
  5979 | D:6      | Noticed Ijyb
  5989 | D:6      | Killed Ijyb
  5993 | D:6      | Reached skill level 7 in Fighting
  5993 | D:6      | Reached skill level 9 in Dodging
  5993 | D:6      | Reached skill level 10 in Unarmed Combat
  5993 | D:6      | Reached XP level 8. HP: 38/61 MP: 8/8
  6343 | D:6      | Found an opulent altar of Gozag.
  6496 | D:6      | Noticed a steam dragon
  6518 | D:6      | Killed a steam dragon
  7127 | D:7      | Noticed Kemay's ghost (experienced OpTm)
  7145 | D:7      | Killed Kemay's ghost
  7145 | D:7      | Reached XP level 9. HP: 63/66 MP: 7/9
  7321 | D:7      | Reached skill level 10 in Dodging
  7569 | D:7      | Upgraded the game from 0.16-a0-3330-g2931290 to 0.16-a0-3354-g045d5c7
  8094 | D:8      | Found a staircase to the Lair.
  8188 | D:8      | Found an iron altar of Okawaru.
  8296 | D:8      | Found a basalt altar of Yredelemnul.
  8381 | D:8      | Found a sparkling altar of Nemelex Xobeh.
  8582 | D:8      | Reached skill level 11 in Unarmed Combat
  8582 | D:8      | Reached XP level 10. HP: 72/72 MP: 10/10
  8880 | D:9      | Reached skill level 1 in Shields
 10026 | D:10     | Entered Level 10 of the Dungeon
 10084 | D:10     | Noticed a hill giant
 10319 | D:10     | Killed a hill giant
 10421 | D:10     | Noticed a hill giant
 10459 | D:10     | HP: 2/72 [hill giant/giant club (28)]
 10460 | D:10     | Killed a hill giant
 11086 | D:10     | Found a staircase to the Orcish Mines.
 11474 | D:11     | Reached XP level 11. HP: 67/77 MP: 9/11
 11869 | D:11     | Noticed Erica
 11953 | D:11     | Found Gaeruk's General Store.
 11953 | D:11     | Noticed Nergalle
 12156 | D:11     | Noticed a cyclops
 12173 | D:11     | Killed a cyclops
 12290 | D:11     | Killed Erica
 12290 | D:11     | Reached skill level 12 in Unarmed Combat
 13129 | D:11     | Found Viedgh Nozott's Magic Scroll Emporium.
 13459 | D:11     | Found Maistra's Book Shoppe.
 13470 | D:11     | Bought a book of Hinderance for 320 gold pieces
 13473 | D:11     | Learned a level 2 spell: Confusing Touch
 13478 | D:11     | Learned a level 4 spell: Petrify
 14054 | D:5      | Became a worshipper of Sif Muna the Loreminder
 14054 | D:5      | Acquired Sif Muna's first power
 14054 | D:5      | Acquired Sif Muna's second power
 14248 | Lair:1   | Entered Level 1 of the Lair of Beasts
 14926 | Lair:1   | Reached skill level 1 in Spellcasting
 15112 | Lair:1   | Reached skill level 1 in Hexes
 15461 | Orc:1    | Entered Level 1 of the Orcish Mines
 15526 | D:11     | Killed Nergalle
 15944 | D:12     | Reached XP level 12. HP: 71/82 MP: 18/21
 16379 | D:12     | Noticed an eight-headed hydra
 16483 | D:11     | Learned a level 5 spell: Metabolic Englaciation
 16914 | D:12     | Reached skill level 5 in Shields
 16989 | D:12     | Noticed a hill giant
 16993 | D:12     | Noticed a centaur warrior
 17010 | D:12     | Killed a hill giant
 17010 | D:12     | Reached skill level 13 in Unarmed Combat
 17481 | D:12     | Identified a +0 rod of the swarm (14/14) (You took it off a big kobold on level 12 of the Dungeon)
 17488 | D:12     | Killed a centaur warrior
 17633 | D:12     | Reached skill level 5 in Hexes
 17635 | D:12     | HP: 4/82 [poisoned by a trapdoor spider]
 18064 | D:13     | Noticed a tengu warrior
 18196 | D:13     | Noticed a five-headed hydra
 19756 | Lair:2   | Reached XP level 13. HP: 80/88 MP: 20/23
 19944 | Lair:2   | Identified a +0 rod of the swarm (12/12) (You found it on level 2 of the Lair of Beasts)
 20500 | Lair:3   | Found a staircase to the Swamp.
 21594 | Lair:4   | Learned a level 5 spell: Lee's Rapid Deconstruction
 21897 | Lair:4   | Learned a level 2 spell: Repel Missiles
 22338 | Lair:5   | Found a staircase to the Snake Pit.
 22359 | Lair:5   | Reached skill level 14 in Unarmed Combat
 24184 | Lair:6   | Found a frozen archway.
 24189 | IceCv    | Entered an ice cave
 24228 | IceCv    | Acquired Sif Muna's third power
 24285 | IceCv    | Identified a +5 rod of ignition (9/9) (You found it in an ice cave)
 26574 | Lair:6   | Gained mutation: Your spells are a little harder to cast, but a little more powerful. [potion of mutation]
 26574 | Lair:6   | Gained mutation: You have very sharp teeth. [potion of mutation]
 26574 | Lair:6   | Lost mutation: Your spells are a little harder to cast, but a little more powerful. [potion of mutation]
 26618 | Lair:6   | Reached XP level 14. HP: 95/95 MP: 22/24
 27587 | D:13     | Noticed a centaur warrior
 27703 | D:13     | Killed a centaur warrior
 27871 | D:13     | Paralysed by a red wasp for 4 turns
 27875 | D:13     | HP: 4/97 [red wasp (11)]
 27876 | D:13     | Succumbed to a red wasp's poison

Action                   |  1- 3 |  4- 6 |  7- 9 | 10-12 | 13-15 || total
-------------------------+-------+-------+-------+-------+-------++-------
Melee: Unarmed           |    61 |   119 |   228 |   951 |   817 ||  2176
       Club              |       |     1 |       |       |       ||     1
 Fire: Blowgun           |       |    13 |    42 |   146 |    19 ||   220
 Cast: Confusing Touch   |       |       |       |    66 |   118 ||   184
Evoke: Wand              |       |       |    25 |    15 |     3 ||    43
       Rod               |       |       |       |     2 |    17 ||    19
  Use: Scroll            |     5 |     7 |    14 |    20 |    11 ||    57
       Potion            |       |       |     8 |     7 |     2 ||    17
 Stab: Sleeping          |     3 |     7 |    18 |    33 |     8 ||    69
       Distracted        |       |     1 |     2 |     3 |       ||     6
       Confused          |       |       |       |    39 |    61 ||   100
  Eat: Chunk             |     2 |    11 |    12 |    24 |    23 ||    72
       Fruit             |       |       |       |     6 |    11 ||    17
       Pizza             |       |       |       |     3 |     1 ||     4
       Bread ration      |       |       |       |     3 |       ||     3
       Meat ration       |       |       |       |       |     1 ||     1
